 Dungeon Crawl Stone Soup version 0.23-a0-650-ga4d50d4 (webtiles) character file.

4 Amnesiac the Ducker (level 1, -3/9 HPs)
             Began as a Spriggan Transmuter on Jan 2, 2019.
             Slain by a goblin
             ... wielding a +0 club
              (4 damage)
             ... on level 1 of the Dungeon.
             The game lasted 00:00:58 (112 turns).

Amnesiac the Ducker (Spriggan Transmuter)            Turns: 112, Time: 00:00:59

Health: -3/9       AC:  2    Str:  6    XL:     1   Next: 50%
Magic:  4/5        EV: 18    Int: 14    God:
Gold:   19         SH:  0    Dex: 16    Spells: 4/5 levels left

rFire    . . .     SeeInvis +     - Unarmed
rCold    . . .     Gourm    .   (shield restricted)
rNeg     . . .     Faith    .   b - +0 robe
rPois    .         Spirit   .   (helmet restricted)
rElec    .         Reflect  .   (no cloak)
rCorr    .         Harm     .   (gloves unavailable)
MR       .....                  (boots unavailable)
Stlth    +.........             (no amulet)
HPRegen  0.03/turn              (no ring)
MPRegen  0.09/turn              (no ring)

@: appendage (expiring), very quick
A: very small, unfitting armour, talons 3, see invisible, herbivore, speed 3,
slow metabolism 2
a: End Transformation


You were on level 1 of the Dungeon.
You were not hungry.
You had grown temporary talons.
You visited 1 branch of the dungeon, and saw 1 of its levels.

You collected 19 gold pieces.

Inventory:

Missiles
 a - 12 arrows
Armour
 b - a +0 robe (worn)
Scrolls
 c - a scroll of blinking {!r, unknown}
Comestibles
 d - 3 rations


   Skills:
 + Level 0.8 Fighting
 + Level 3.1 Dodging
 + Level 2.4 Unarmed Combat
 + Level 2.7 Spellcasting
 * Level 2.9 Transmutations


You had 4 spell levels left.
You knew the following spells:

 Your Spells              Type           Power        Failure   Level  Hunger
a - Beastly Appendage     Tmut           ##....       7%          1    #......

Your spell library contained the following spells:

 Spells                   Type           Power        Failure   Level  Hunger
 Sticks to Snakes         Tmut           ##......     10%         2    ###....
 Spider Form              Tmut/Pois      #.........   36%         3    ###....
 Ice Form                 Ice/Tmut       #.......     77%         4    #####..
 Blade Hands              Tmut           ##........   88%         5    ######.


Dungeon Overview and Level Annotations

Branches:
Dungeon (1/15)

Altars:


Innate Abilities, Weirdness & Mutations

You are very small and have problems with some larger weapons.
You are too small for most types of armour.
You have supernaturally acute eyesight. (SInv)
You are a herbivore.
You cover ground extremely quickly.
You need to consume almost no food.
You have claws for feet.


Message History

You hit the hobgoblin but do no damage. You headbutt the hobgoblin.
You kill the hobgoblin!
A giant cockroach comes into view.
You see here a +0 club.
You completely miss the giant cockroach.
The giant cockroach misses you.
You hit the giant cockroach but do no damage.
The giant cockroach bites you.
You closely miss the giant cockroach.
Your transformation is almost over.
The giant cockroach completely misses you.
You hit the giant cockroach but do no damage.
The giant cockroach completely misses you.
You closely miss the giant cockroach. The giant cockroach misses you.
You hit the giant cockroach but do no damage.
The giant cockroach barely misses you.
You closely miss the giant cockroach.
The giant cockroach bites you but does no damage. x2
You hit the giant cockroach.
The giant cockroach is heavily wounded.
The giant cockroach bites you.
You hit the giant cockroach but do no damage.
You headbutt the giant cockroach.
You kill the giant cockroach!
No target in view!
No target in view!
You start resting.
Your horns disappear.
You start resting.
A goblin comes into view. It is wielding a +0 club.
A goblin is nearby!
A goblin is nearby!
Casting: Beastly Appendage (safe; 7% risk of failure)
Confirm with . or Enter, or press ? or * to list all spells.
Your feet morph into talons.
The goblin shouts!
A bat comes into view.
You hit the goblin.
The goblin is severely wounded.
Your transformation is almost over.
The bat closely misses you. The goblin closely misses you.
You hit the goblin but do no damage.
The goblin is severely wounded.
The bat closely misses you. The bat misses you.
The goblin hits you but does no damage.
You barely miss the goblin.
The goblin is severely wounded.
The bat barely misses you. The goblin hits you but does no damage.
You barely miss the goblin.
The goblin is severely wounded.
The bat closely misses you. The goblin hits you with a +0 club.
* * * LOW HITPOINT WARNING * * *
You are too injured to fight recklessly!
You are too injured to fight recklessly!
You are too injured to fight recklessly!
You completely miss the goblin.
The goblin is severely wounded.
The bat hits you but does no damage. The goblin misses you.
You closely miss the goblin.
The goblin is heavily wounded.
The bat hits you.
* * * LOW HITPOINT WARNING * * *
The goblin hits you with a +0 club.
You die...

#. ##....#
#..#...#.#
#..#.#.#.#
....#.#.#
#..#.#.#..
###..#...########..
...b#.....).......
#g.##..########.#.
#@# #.## #.###.#
#)##..# #.##..#
#.#...# #.#..##
#.#†.# #
####...####....
..............#


You could see a goblin and a bat.

Vanquished Creatures
  A giant cockroach (D:1)
  A hobgoblin (D:1)
  A frilled lizard (D:1)
  A goblin (D:1)
4 creatures vanquished.

Notes
Turn   | Place    | Note
-------+----------+-------------------------------------------
     0 | D:1      | Amnesiac the Spriggan Transmuter began the quest for the
                  | Orb.
     0 | D:1      | Reached XP level 1. HP: 9/9 MP: 5/5
   112 | D:1      | Slain by a goblin

Vault maps used:
D:1:      lightli_arrival_statuegarden

Action                   || total
-------------------------++-------
Melee: Unarmed           ||    24
       Headbutt          ||     2
 Cast: Beastly Appendage ||     4
Armor: Robe              ||     5
Dodge: Dodged            ||    17

Table legend:
 A = Non-vault XP
 B = Vault XP
 C = Vault XP percentage of total XP
 D = Non-vault monster count
 E = Vault monster count
 F = Vault count percentage of total count
                 A         B        C        D         E       F
            +---------+---------+-------+---------+---------+-------
      Total |       6 |       0 |   0.0 |       4 |       0 |   0.0
            +---------+---------+-------+---------+---------+-------
        D:1 |       6 |       0 |   0.0 |       4 |       0 |   0.0
            +---------+---------+-------+---------+---------+-------
